 Dungeon Crawl Stone Soup version 0.17.0-24-gcfadda4 (webtiles) character file.

13603 stefzke33 the Basher (level 11, -6/109 HPs)
             Began as a Troll Berserker on Nov 17, 2015.
             Was a High Priest of Trog.
             Mangled by a five-headed hydra (10 damage)
             ... on level 2 of the Lair of Beasts.
             The game lasted 01:07:27 (9230 turns).

stefzke33 the Basher (Troll Berserker)              Turns: 9230, Time: 01:07:30

Health: -6/109     AC:  9    Str: 27    XL:     11   Next: 77%
Magic:  10/10      EV: 13    Int:  6    God:    Trog [*****.]
Gold:   360        SH:  0    Dex:  9    Spells: 0 memorised, 10 levels left

rFire  . . .     SeeInvis .     O - +3 giant spiked club
rCold  . . .     Clarity  .     Q - +1 robe
rNeg   . . .     SustAt   .     (shield currently unavailable)
rPois  .         Gourm    +     (helmet restricted)
rElec  .         Spirit   .     (no cloak)
rCorr  .         Warding  .     (gloves unavailable)
rMut   .         Stasis   .     (boots unavailable)
MR     .....                    k - amulet of regeneration
Stlth  ++........               (no ring)
                                d - +3 ring of protection

@: not resistant to hostile enchantments, unstealthy
A: unfitting armour, claws 3, fast metabolism 3, gourmand, regeneration 2,
shaggy fur 1, tough skin 2
a: Berserk, Trog's Hand, Brothers in Arms, Burn Spellbooks, Renounce Religion


You were on level 2 of the Lair of Beasts.
You worshipped Trog.
Trog was extremely pleased with you.
You were very full.

You visited 2 branches of the dungeon, and saw 12 of its levels.

You collected 672 gold pieces.
You spent 312 gold pieces at shops.

Inventory:

Hand Weapons
 O - a +3 giant spiked club (weapon)
Missiles
 C - 3 tomahawks of dispersal
 F - 4 large rocks (quivered)
 S - 3 throwing nets
Armour
 b - a +0 animal skin
 Q - a +1 robe (worn)
Jewellery
 d - a +3 ring of protection (left claw)
 k - an amulet of regeneration (around neck)
 l - an uncursed ring of poison resistance {unknown}
 B - an uncursed amulet of warding
 Y - a +2 ring of evasion
 Z - the ring of Meirrum {SustAt Str+2}
   (You found it on level 10 of the Dungeon)

   [ring of sustain attributes]

   It sustains your strength, intelligence and dexterity.
   It affects your strength (+2).
Wands
 T - a wand of magic darts (48)
Scrolls
 f - 2 scrolls of identify
 r - 3 scrolls of teleportation
 u - a scroll of fog
 w - a scroll of summoning
 E - 3 scrolls of remove curse
 I - 4 scrolls of fear
 J - a scroll of magic mapping
Potions
 e - 3 potions of lignification
 h - 4 potions of might
 i - 7 potions of curing
 m - 4 potions of flight
 s - 2 potions of heal wounds
 v - 2 potions of agility
 K - a potion of ambrosia
 M - a potion of haste
 P - a potion of invisibility
 R - a potion of cancellation
Comestibles
 a - 2 beef jerkies
 c - 5 bread rations
 j - 4 meat rations
 n - 4 slices of pizza
 p - 7 fruits
 t - 3 royal jellies


   Skills:
 + Level 7.3 Fighting
 * Level 11.5 Maces & Flails
 + Level 0.6 Throwing
 + Level 10.2 Dodging
 - Level 2.0 Stealth
 + Level 0.1 Evocations


You had 10 spell levels left.
You didn't know any spells.

Dungeon Overview and Level Annotations

Branches:
Dungeon (10/15)            Temple (0/1) D:7            Lair (2/8) D:8
    Orc: D:9-12

Altars:
Ashenzari
Cheibriados
Dithmenos
Elyvilon
Fedhas
Gozag
Kikubaaqudgha
Makhleb
Nemelex Xobeh
Okawaru
Qazlal
Sif Muna
Vehumet

Shops:
D:4 :   D:8 !   D:9 [


Innate Abilities, Weirdness & Mutations

You are too large for most types of armour.
You have claws for hands.
Your metabolism is lightning-fast.
You like to eat raw meat.
You heal very quickly.
You are covered in fur (AC +1).
You have very tough skin (AC +2).


Message History

You puncture the five-headed hydra!
The five-headed hydra is almost dead.
The five-headed hydra completely misses you.
The five-headed hydra barely misses you.
The five-headed hydra completely misses you.
The five-headed hydra misses you. The five-headed hydra bites you.
You barely miss the five-headed hydra.
The five-headed hydra is almost dead.
The five-headed hydra closely misses you.
The five-headed hydra barely misses you.
The five-headed hydra bites you!
* * * LOW HITPOINT WARNING * * *
The five-headed hydra bites you but does no damage.
The five-headed hydra bites you!
* * * LOW HITPOINT WARNING * * *
The five-headed hydra bites you!
* * * LOW HITPOINT WARNING * * *
The five-headed hydra barely misses you.
The five-headed hydra bites you!
You die...

............#....######.#.P......
............#.....# #..###......
............#...>## #####.......
.................P# #.......
....#.............# #.......
......#.###......# ##......
.................# #......
................D# #......
................@# #......
..#P..P..........## ##......
..###.##.........P# ######.....P#
.# # #.........## #.#P##.....##
.# #...#.P...#####..#.#...## .##
#.....##...............# ..#
#...##.................# Y.#
#..####................# ..#
##..# ##...............##


You could see a five-headed hydra.

Vanquished Creatures
  2 hydras
  A hill giant (D:6)
  6 elephants (Lair:2)
  Joseph (Lair:1)
  2 spiny frogs (Lair:1)
  The ghost of oplop the Insei, a novice OpTm (D:5)
  3 blink frogs (Lair:1)
  Grinder (D:3)
  Prince Ribbit (D:8)
  Sigmund (D:2)
  A wyvern (D:8)
  A hungry ghost (D:9)
  6 hippogriffs
  A necrophage (D:5)
  6 porcupines
  A sky beast (D:7)
  4 ice beasts
  2 orc warriors
  3 water moccasins
  2 ogres (D:9)
  3 centaurs
  A big kobold (D:8)
  A crocodile (D:9)
  9 giant frogs
  2 water moccasin zombies (D:7)
  7 killer bees
  8 wights
  A giant frog zombie (D:6)
  4 crimson imps
  2 jellies
  7 orc priests
  Ijyb (D:4)
  2 giant frog skeletons
  8 iguanas
  9 orc wizards
  7 worker ants
  4 hounds
  Terence (D:3)
  A hound skeleton (D:7)
  17 adders
  3 gnolls (D:5)
  41 river rats
  3 shadow imps
  An ooze (D:4)
  3 adder zombies
  An adder skeleton (D:7)
  4 worms
  29 orcs
  2 ball pythons
  10 giant cockroaches
  11 goblins
  5 hobgoblins
  10 jackals
  20 kobolds
  2 quokkas
  4 bats
  4 giant geckos
  A giant gecko skeleton (D:6)
  2 giant gecko zombies (D:6)
  6 giant newts
  A jackal skeleton (D:8)
  A quokka zombie (D:7)
  5 rats
  2 fungi (D:8)
  A plant (D:8)
313 creatures vanquished.

Vanquished Creatures (collateral kills)
  A centaur warrior (D:9)
  A komodo dragon (Lair:1)
  2 blink frogs (Lair:1)
  A wyvern (D:8)
  An orc warrior (D:8)
  A river rat (Lair:1)
7 creatures vanquished.

Vanquished Creatures (others)
  A plant (Lair:2)
1 creature vanquished.

Grand Total: 321 creatures vanquished

Notes
Turn   | Place    | Note
--------------------------------------------------------------
     0 | D:1      | stefzke33 the Troll Berserker began the quest for the Orb.
     0 | D:1      | Reached XP level 1. HP: 22/22 MP: 0/0
   150 | D:1      | Reached XP level 2. HP: 26/29 MP: 1/1
   165 | D:1      | Reached skill level 3 in Maces & Flails
   441 | D:1      | Reached ** piety under Trog
   915 | D:2      | Reached XP level 3. HP: 36/36 MP: 2/2
  1419 | D:2      | Noticed Sigmund
  1428 | D:2      | Killed Sigmund
  1428 | D:2      | Reached XP level 4. HP: 45/45 MP: 3/3
  1428 | D:2      | Reached XP level 5. HP: 53/53 MP: 4/4
  1679 | D:3      | Reached skill level 4 in Dodging
  1683 | D:3      | Reached XP level 6. HP: 54/61 MP: 5/5
  1685 | D:3      | Reached *** piety under Trog
  1817 | D:3      | Noticed Terence
  1832 | D:3      | Killed Terence
  1908 | D:3      | Found a shattered altar of Ashenzari.
  1928 | D:3      | Received a gift from Trog
  1990 | D:3      | Noticed Grinder
  1998 | D:3      | Killed Grinder
  1998 | D:3      | Reached skill level 1 in Stealth
  1998 | D:3      | Reached XP level 7. HP: 68/68 MP: 6/6
  2063 | D:3      | Found a burning altar of Makhleb.
  2150 | D:3      | Found a radiant altar of Vehumet.
  2150 | D:3      | Found an opulent altar of Gozag.
  2192 | D:3      | Found an iron altar of Okawaru.
  2573 | D:4      | Found a snail-covered altar of Cheibriados.
  2619 | D:4      | Reached skill level 5 in Dodging
  2655 | D:4      | Noticed Ijyb
  2672 | D:4      | Paralysed by Ijyb for 2 turns
  2676 | D:4      | Paralysed by Ijyb for 5 turns
  2683 | D:4      | Paralysed by Ijyb for 3 turns
  2687 | D:4      | Killed Ijyb
  2821 | D:4      | Found Caunt's Book Shoppe.
  3056 | D:5      | Entered Level 5 of the Dungeon
  3057 | D:5      | Noticed oplop's ghost (novice OpTm)
  3079 | D:5      | Killed oplop's ghost
  3106 | D:5      | Found a stormy altar of Qazlal.
  3123 | D:5      | Reached skill level 5 in Maces & Flails
  3123 | D:5      | Reached XP level 8. HP: 54/78 MP: 7/7
  3236 | D:5      | Reached skill level 6 in Dodging
  3689 | D:5      | Reached **** piety under Trog
  3689 | D:5      | Received a gift from Trog
  3769 | D:5      | Reached skill level 7 in Dodging
  4096 | D:6      | Found a blossoming altar of Fedhas.
  4121 | D:5      | Reached XP level 9. HP: 62/87 MP: 8/8
  4240 | D:6      | Reached skill level 5 in Fighting
  4309 | D:6      | Found a shadowy altar of Dithmenos.
  4345 | D:6      | Found a sparkling altar of Nemelex Xobeh.
  4416 | D:6      | Found a deep blue altar of Sif Muna.
  4716 | D:7      | Noticed a hill giant
  4722 | D:6      | Killed a hill giant
  4958 | D:7      | Reached skill level 8 in Dodging
  5419 | D:7      | Found a staircase to the Ecumenical Temple.
  5595 | D:8      | Found a staircase to the Lair.
  5682 | D:8      | Noticed Prince Ribbit
  5684 | D:8      | Killed Prince Ribbit
  5684 | D:8      | Reached XP level 10. HP: 98/98 MP: 9/9
  5699 | D:8      | Reached ***** piety under Trog
  6360 | D:8      | Found Suafyraf's Distillery.
  6364 | D:8      | Bought a potion of heal wounds for 60 gold pieces
  6364 | D:8      | Bought a potion of heal wounds for 60 gold pieces
  6364 | D:8      | Bought a potion of invisibility for 96 gold pieces
  6364 | D:8      | Bought a potion of cancellation for 96 gold pieces
  6386 | D:8      | Found a white marble altar of Elyvilon.
  6486 | D:9      | Received a gift from Trog
  6622 | D:9      | Noticed a centaur warrior
  6630 | D:9      | Killed a centaur warrior
  6630 | D:9      | Reached skill level 9 in Maces & Flails
  6714 | D:9      | Found Wadawirch's Antique Armour Shoppe.
  6933 | D:9      | Found an ancient bone altar of Kikubaaqudgha.
  7187 | D:10     | Entered Level 10 of the Dungeon
  7276 | D:10     | Got a slimy brass ring
  7316 | D:10     | Identified the ring of Meirrum {SustAt Str+2} (You found it on level 10 of the Dungeon)
  7411 | Lair:1   | Entered Level 1 of the Lair of Beasts
  7411 | Lair:1   | Noticed a seven-headed hydra
  7415 | Lair:1   | Killed a seven-headed hydra
  7599 | Lair:1   | Reached skill level 10 in Maces & Flails
  7599 | Lair:1   | Reached XP level 11. HP: 107/107 MP: 10/10
  7796 | Lair:1   | Noticed Joseph
  7810 | Lair:1   | Killed Joseph
  8705 | Lair:2   | Noticed a seven-headed hydra
  8726 | Lair:2   | Killed a seven-headed hydra
  8729 | Lair:2   | Reached skill level 11 in Maces & Flails
  8732 | Lair:2   | Reached skill level 10 in Dodging
  9222 | Lair:2   | Noticed a five-headed hydra
  9230 | Lair:2   | HP: 4/109 [five-headed hydra (16)]
  9230 | Lair:2   | Mangled by a five-headed hydra

Action                   |  1- 3 |  4- 6 |  7- 9 | 10-12 || total
-------------------------+-------+-------+-------+-------++-------
Melee: Mace              |   107 |   125 |   366 |       ||   598
       Morningstar       |       |       |   140 |       ||   140
       Giant spiked club |       |       |     1 |   379 ||   380
Throw: Large rock        |       |       |       |     5 ||     5
       Throwing net      |       |       |       |     1 ||     1
Invok: Berserk           |     1 |     2 |     7 |     5 ||    15
       Trog's Hand       |       |     1 |     1 |     1 ||     3
       Brothers in Arms  |       |       |       |     4 ||     4
Evoke: Wand              |       |       |       |     1 ||     1
  Use: Scroll            |       |     2 |     7 |    17 ||    26
       Potion            |       |       |     3 |     6 ||     9
 Stab: Sleeping          |     1 |       |     4 |     1 ||     6
  Eat: Chunk             |     8 |    14 |    47 |    55 ||   124
       Meat ration       |     1 |       |       |       ||     1
